 Dungeon Crawl Stone Soup version 0.32-a0-995-gb4a59205af (webtiles) character file.

Game seed: 8068539595726280604

526 Shayle the Shooter (level 7, -3/46 HPs)
             Began as a Coglin Alchemist on Apr 22, 2024.
             Slain by an ufetubus (4 damage)
             ... on level 5 of the Dungeon on Apr 23, 2024.
             The game lasted 00:12:59 (4266 turns).

Shayle the Shooter (Coglin Alchemist)               Turns: 4266, Time: 00:12:59

Health: -3/46      AC:  4    Str:  7 (8)  XL:     7   Next: 23%
Magic:  9/9        EV: 11    Int: 13 (16) God:
Gold:   176        SH:  0    Dex: 14 (15) Spells: 5/9 levels left

rFire   . . .        f - +3 dagger (drain) {Fatehjeet}
rCold   . . .        d - +1 whip (venom) {Dagmar}
rNeg    . . .        a - +0 robe
rPois   .            (no helmet)
rElec   .            k - +0 cloak
rCorr   .            (no gloves)
SInv    .            e - +0 pair of boots
Will    .....        (amulet unavailable)
Stlth   ++           (ring unavailable)
HPRegen 0.27/turn    (ring unavailable)
MPRegen 0.11/turn    (no gizmo)

%: no passive effects
@: revving
A: off-hand wielding, slow wielding, warmup strikes, no jewellery
a: Invent Gizmo


You were on level 5 of the Dungeon.
You visited 1 branch of the dungeon, and saw 5 of its levels.

You collected 176 gold pieces.

Inventory:

Hand Weapons
 d - a +1 whip of venom (offhand) {Dagmar}
 f - a +3 dagger of draining (weapon) {Fatehjeet}
 m - a +0 spear {Bernhard}
Armour
 a - a +0 robe (worn)
 e - a +0 pair of boots (worn)
 k - a +0 cloak (worn)
Wands
 j - a wand of roots (5)
Scrolls
 c - a scroll of poison
 q - 3 scrolls of identify
Potions
 b - a potion of magic
 g - 2 potions of enlightenment
 h - 3 potions of degeneration


   Skills:
 + Level 6.7 Ranged Weapons
 - Level 1.7 Dodging
 - Level 1.5 Stealth
 - Level 1.7 Spellcasting
 - Level 0.8 Conjurations
 - Level 3.2 Alchemy


You had 5 spell levels left.
You knew the following spells:

 Your Spells              Type           Power      Damage    Failure   Level
a - Sting                 Conj/Alch      24%        1d4       11%         1
b - Mephitic Cloud        Conj/Alch/Air  4%         N/A       41%         3

Your spell library contained the following spells:

 Spells                   Type           Power      Damage    Failure   Level
 Mercury Vapours          Alch/Air       10%        N/A       21%         2
 Necrotise                Necr           4%         1d4       26%         1
 Olgreb's Toxic Radiance  Alch           9%         N/A       56%         4
 Vampiric Draining        Necr           1%         2d6       61%         3
 Sticky Flame             Fire/Alch      5%         2d4       78%         4
 Martyr's Knell           Necr/Summ      1%         N/A       95%         4
 Curse of Agony           Necr           1%         N/A       100%        5
 Summon Forest            Summ/Tloc      0%         N/A       100%        5
 Eringya's Noxious Bog    Alch           4%         4d6       100%        6
 Summon Hydra             Summ           0%         N/A       100%        7


Dungeon Overview and Level Annotations

Branches:
Dungeon (5/15)
 Temple: D:4-7

Altars:
Qazlal
Ru
The Shining One

Shops:
D:1 :

Annotations:
D:4 Dowan, Duvessa, Pikel


Innate Abilities, Weirdness & Mutations

You can wield a second weapon in your off-hand.
It takes a long time for you to wield or remove held weapons.
Your first few attacks do less damage.
You cannot equip rings or amulets.


Message History

An iguana comes into view.
The ufetubus slips past you!
The ufetubus hits you but does no damage.
The ufetubus hits you.
The ufetubus closely misses you. x3; The ufetubus misses you.
You barely miss the ufetubus with your +1 whip of venom.
The ufetubus is moderately wounded.
You hit the ufetubus but do no damage. The ufetubus hits you. x2
The ufetubus barely misses you. The ufetubus hits you.
The ufetubus barely misses you. The ufetubus closely misses you.
You barely miss the ufetubus with your +1 whip of venom.
The ufetubus is moderately wounded.
You closely miss the ufetubus with your +3 dagger of draining.
The ufetubus barely misses you. The ufetubus hits you.
The ufetubus barely misses you.
The ufetubus hits you but does no damage.
The ufetubus slips past you! The ufetubus closely misses you. x2
The ufetubus hits you but does no damage.
The ufetubus hits you.
* * * LOW HITPOINT WARNING * * *
You miss the ufetubus with your +1 whip of venom.
The ufetubus is moderately wounded.
You hit the ufetubus with your +3 dagger of draining.
The ufetubus closely misses you. The ufetubus misses you.
The ufetubus hits you.
* * * LOW HITPOINT WARNING * * *
The ufetubus hits you but does no damage.
The ufetubus hits you.
* * * LOW HITPOINT WARNING * * *
The ufetubus barely misses you.
Okay, then.
It was a potion of degeneration.
There was something very wrong with that liquid.
You feel weakened.
You feel dopey.
You feel clumsy. The ufetubus hits you.
* * * LOW HITPOINT WARNING * * *
The ufetubus hits you.
* * * LOW HITPOINT WARNING * * *
The ufetubus completely misses you. The ufetubus hits you.
You die...

..# ..# /....# ..#
....># ..+ .....
..##+##############....
.....................#
.....................#
................5....#
.........†...?..@5...#
........####......#+#..#
........# #......#
........# #......+
........# #......#
...###### #......# ...
.......... ...
.......... ...


You could see 2 ufetubi.

Vanquished Creatures
  Sigmund (D:3)
  3 lemures
  A scorpion (D:5)
  2 orc priests
  2 iguanas
  An orc wizard (D:3)
  A sleepcap (D:5)
  5 adders
  2 dart slugs
  14 orcs
  8 bats
  3 endoplasms
  A giant cockroach (D:2)
  11 goblins
  4 hobgoblins
  6 jackals
  3 quokkas
  6 ball pythons
  5 frilled lizards
  7 kobolds
  6 rats
92 creatures vanquished.

Notes
Turn   | Place    | Note
-------+----------+-------------------------------------------
     0 | D:1      | Shayle the Coglin Alchemist began the quest for the Orb.
     0 | D:1      | Reached XP level 1. HP: 13/13 MP: 3/3
    50 | D:1      | Reached skill level 1 in Ranged Weapons
   112 | D:1      | Reached XP level 2. HP: 11/18 MP: 0/4
   255 | D:1      | Reached skill level 2 in Ranged Weapons
   364 | D:1      | Reached XP level 3. HP: 24/24 MP: 5/5
   415 | D:1      | Found Waceroh's Book Emporium.
   956 | D:2      | Reached skill level 3 in Ranged Weapons
  1332 | D:2      | Reached XP level 4. HP: 30/30 MP: 4/6
  1355 | D:2      | Learned a level 3 spell: Mephitic Cloud
  1951 | D:3      | HP: 1/30 [something (1)]
  1964 | D:3      | Noticed Sigmund
  1970 | D:3      | Found a stormy altar of Qazlal.
  2089 | D:3      | Found a faded altar of an unknown god.
  2522 | D:3      | Reached skill level 4 in Ranged Weapons
  2522 | D:3      | Reached XP level 5. HP: 25/35 MP: 7/7
  2983 | D:4      | Noticed a lemure
  3016 | D:4      | Found a glowing golden altar of the Shining One.
  3388 | D:4      | Noticed a lemure
  3405 | D:4      | Killed a lemure
  3422 | D:4      | Noticed Pikel
  3422 | D:4      | Noticed a lemure
  3423 | D:4      | Noticed a lemure
  3443 | D:3      | Killed a lemure
  3591 | D:3      | Killed Sigmund
  3592 | D:3      | Reached skill level 5 in Ranged Weapons
  3592 | D:3      | Reached XP level 6. HP: 12/41 MP: 2/8
  3750 | D:4      | Found a sacrificial altar of Ru.
  3756 | D:4      | Reached skill level 6 in Ranged Weapons
  3789 | D:4      | Noticed Dowan
  3790 | D:4      | Noticed Duvessa
  3803 | D:4      | HP: 2/41 [Duvessa/+0 short sword (9)]
  4056 | D:5      | Entered Level 5 of the Dungeon
  4155 | D:5      | Reached XP level 7. HP: 38/46 MP: 9/9
  4266 | D:5      | HP: 1/46 [ufetubus (3)]
  4266 | D:5      | Slain by an ufetubus

Illustrated notes

Levels and vault maps discovered:
D:1:      dpeg_arrival_rhombi, layout_rooms, serial_shops,
          nicolae_book_shop_shelving
D:2:      layout_loops_corners
D:3:      layout_basic, nicolae_qazlal_general_emergency,
          shapermc_ecumenical_altar_hornbeckon, uniq_sigmund
D:4:      layout_loops_cross, kennysheep_little_box, mainiacjoe_overflow_paths,
          uniq_duvessa, uniq_pikel
D:5:      layout_gridville, nemelex_dance_club_becter, portal_sewer_entry_b

Skill      XL: |  1  2  3  4  5  6 |
---------------+-------------------+-----
Ranged Weapons | 1 2 3 4 5 6 |  6.7
Dodging        | |  1.7
Stealth        | |  1.5
Spellcasting   | |  1.7
Conjurations   | |  0.8
Alchemy        | |  3.2

Action                     |  1- 3 |  4- 6 |  7- 9 || total
---------------------------+-------+-------+-------++-------
  Melee: Unarmed           |     3 |       |       ||     3
         Dagger            |    50 |   137 |    24 ||   211
         Spear             |       |    36 |       ||    36
         Whip              |       |    87 |    24 ||   111
   Cast: Sting             |    29 |    15 |       ||    44
    Use: Scroll            |       |    11 |       ||    11
         Potion            |       |     5 |     1 ||     6
   Stab: Sleeping          |     1 |     2 |       ||     3
 Armour: Robe              |    42 |    93 |    35 ||   170
  Dodge: Dodged            |    26 |   105 |    32 ||   163

Table legend: (Time is in decaauts)
 A = Elapsed time spent in this place.
 B = Non-inter-level travel time spent in this place.
 C = Inter-level travel time spent in this place.
 D = Time resting spent in this place.
 E = Time spent auto-exploring this place.
 F = Levels seen in this place.
 G = Mean time per level.
                   A        B        C        D        E       F      G
               +--------+--------+--------+--------+--------+-----+--------+
         Total |   4284 |   4040 |    244 |    721 |   2045 |   5 |  856.8 |
       Dungeon |   4284 |   4040 |    244 |    721 |   2045 |   5 |  856.8 |
               +--------+--------+--------+--------+--------+-----+--------+

Top non-repeatable levels by time:
     D:3: 1499 daAuts
     D:2: 984 daAuts
     D:4: 795 daAuts
     D:1: 794 daAuts
     D:5: 211 daAuts
